 Dungeon Crawl Stone Soup version 0.30.1-11-g7821555f0a (webtiles) character file.

Game seed: 7410187804524128231

1403 Eryximachus the Gusty (level 8, -1/39 HPs)
             Began as a Vine Stalker Conjurer on Dec 4, 2023.
             Was an Initiate of Gozag.
             Succumbed to a water moccasin's poison
             ... on level 6 of the Dungeon.
             The game lasted 00:28:17 (9147 turns).

Eryximachus the Gusty (Vine Stalker Conjurer)       Turns: 9147, Time: 00:28:18

Health: -1/39      AC:  2    Str: 16    XL:     8   Next: 69%
Magic:  1/15       EV: 12    Int: 26    God:    Gozag
Gold:   406        SH:  0    Dex: 13    Spells: 1/15 levels left

rFire   . . .        i - +4 dagger (venom)
rCold   . . .        (no shield)
rNeg    . . .        a - +0 robe
rPois   .            (no helmet)
rElec   .            (no cloak)
rCorr   .            (no gloves)
SInv    .            (no boots)
Will    +....        (no amulet)
Stlth   ++           S - +6 ring of strength
HPRegen 1.06/turn    I - +6 ring of intelligence
MPRegen 0.14/turn

%: guardian spirit
@: lethally poisoned (-1 -> -8)
A: fangs 3, regeneration 1, magic shield, antimagic bite, no potion heal 2
a: Renounce Religion, Potion Petition, Call Merchant, Bribe Branch


You were on level 6 of the Dungeon.
You worshipped Gozag.
Gozag was aware of your devotion.
You visited 2 branches of the dungeon, and saw 8 of its levels.
You also visited: Sewer.

You collected 816 gold pieces.
You paid 410 gold pieces to Gozag.


Innate Abilities, Weirdness & Mutations

You have razor-sharp teeth.
Your natural rate of healing is unusually fast.
When hurt, damage is shared between your health and your magic reserves.
Your bite disrupts and absorbs the magic of your enemies.
Potions cannot restore your health.


   Skills:
 + Level 1.9 Fighting
 - Level 2.0 Dodging
 - Level 4.0 Stealth
 - Level 4.0 Spellcasting
 - Level 5.0 Conjurations
 - Level 5.0 Translocations
 - Level 2.0 Transmutations
 * Level 2.3 Fire Magic
 * Level 5.6 Air Magic


You had one spell level left.
You knew the following spells:

 Your Spells              Type           Power      Damage    Failure   Level
m - Magic Dart            Conj           100%       1d8       1%          1
s - Searing Ray           Conj           62%        2d6       1%          2
w - Wereblood             Tmut           15%        N/A       5%          2
X - Vhi's Electric Charg  Tloc/Air       64%        N/A       3%          3
Y - Plasma Beam           Fire/Air       12%        2x1d26    95%         6

Your spell library contained the following spells:

 Spells                   Type           Power      Damage    Failure   Level
 Beastly Appendage        Tmut           30%        N/A       3%          1
 Volatile Blastmotes      Fire/Tloc      48%        2d14      6%          3
 Dazzling Flash           Conj/Hex       36%        N/A       9%          3
 Iskenderun's Mystic Bla  Conj/Tloc      31%        2d8       11%         4
 Sublimation of Blood     Necr           5%         N/A       13%         2
 Spider Form              Tmut/Pois      10%        N/A       17%         3
 Arcjolt                  Conj/Air       16%        1d26      26%         5
 Fulminant Prism          Conj/Hex       9%         3d7       30%         4
 Starburst                Conj/Fire      12%        6d5       96%         6
 Summon Hydra             Summ           2%         N/A       100%        7

Inventory:

Hand Weapons
 i - a +4 dagger of venom (weapon)
Missiles
 p - 4 curare-tipped darts {=f}
Armour
 a - a +0 robe (worn)
Magical Staves
 w - a staff of poison {!a}
Jewellery
 C - a ring of ice
 I - a +6 ring of intelligence (right hand)
 S - a +6 ring of strength (left hand)
Scrolls
 f - 3 scrolls of fog
 h - a scroll of enchant weapon
 j - 2 scrolls of vulnerability
 m - a scroll of amnesia
 o - a scroll of blinking {unknown}
 q - 2 scrolls of noise
 r - 2 scrolls of teleportation {@r2}
 s - a scroll of poison {unknown}
 u - a scroll of brand weapon {unknown}
 v - a scroll of magic mapping {unknown}
 x - a scroll of silence {unknown}
 y - a scroll of immolation {unknown}
Potions
 b - 3 potions of magic
 c - a potion of mutation
 d - 2 potions of curing {@q1}
 e - 3 potions of heal wounds {@q2}
 g - 2 potions of attraction
 k - a potion of haste {unknown}
 l - 3 potions of flight
 n - a potion of invisibility {unknown}
 z - a potion of brilliance {unknown}

Dungeon Overview and Level Annotations

Branches:
Dungeon (7/15)             Temple (1/1) D:4           Sewer (visited)

Altars:
Ashenzari
Fedhas
Gozag
Kikubaaqudgha
Makhleb
Nemelex Xobeh
Ru
Sif Muna
Trog
Wu Jian
Xom

Annotations:
D:2 1 runed translucent door, Crazy Yiuf, Terence
D:3 3 runed translucent doors, exclusion: steam dragon, SirLogeyBear's ghost, amateur HOBe; auo's ghost, amateur MiFi; auo's ghost, weakling DjFE; lynx4198's ghost, amateur MiFi; middlethird's ghost, weakling VSTm
D:5 Eustachio

##.#.# #.# #.####### #####.#.#
#.# ###(....... ........# #.#
##### #....▒▒▒▒.. ####.####
#.# #...#####.#........ # #.#
#.###...........####### # #.#
#...#...######### # # #.#
###...##...###### # # #.#
#........S.....># ### # # #.#
#.......@.>####.# ##.### #.#
#([......######.####.#.##
#.######...##.# #.)....#.###.#
#.............###)##.#..## ##.
##.######..#....)..#.###.###.#
#####.######..#.......#.#
##.#.##
...........#..#...>...#.#
##....
#####.####..............#
##### #[................###


You could see a water moccasin.


Message History

* * * LOW HITPOINT WARNING * * *
The searing ray hits the water moccasin!
The water moccasin is almost dead.
You feel very sick. The water moccasin bites you.
* * * LOW HITPOINT WARNING * * *
You are lethally poisoned!
The water moccasin poisons you!
The searing ray misses the water moccasin.
* * * LOW HITPOINT WARNING * * *
You feel very sick. The water moccasin bites you!
* * * LOW HITPOINT WARNING * * *
The water moccasin barely misses you.
Unknown command.
The searing ray misses the water moccasin.
You finish channelling your searing ray.
* * * LOW HITPOINT WARNING * * *
You feel very sick. The water moccasin closely misses you.
Unknown command.
Casting: Searing Ray (safe; 1% risk of failure)
Confirm with . or Enter, or press ? or * to list all spells.
Aiming: Searing Ray (safe; 1% risk of failure)
Press: ? - help, Shift-Dir - straight line, f/p - water moccasin
Aim: a water moccasin (almost dead, 66% to hit)
The searing ray misses the water moccasin. (Press . to maintain the ray.)
You die...
Your body crumbles into a pile of gold.

Skill      XL: |  1  2  3  4  5  6  7  8 |
---------------+-------------------------+-----
Stealth        | 3 4 |  4.0
Dodging        | 2 |  2.0
Spellcasting   | 3 4 |  4.0
Fighting       | 1 |  1.9
Translocations | 1 2 3 4 5 |  5.0
Air Magic      | 1 2 4 5 |  5.6
Transmutations | 1 2 |  2.0
Conjurations   | 5 |  5.0
Fire Magic     | 2 |  2.3

Action                     |  1- 3 |  4- 6 |  7- 9 || total
---------------------------+-------+-------+-------++-------
  Melee: Whip              |    15 |       |       ||    15
         Unarmed           |     2 |       |       ||     2
         Bite              |     3 |     9 |    22 ||    34
         Dagger            |     2 |    44 |    89 ||   135
         Punch             |       |     1 |     2 ||     3
   Cast: Magic Dart        |    49 |    53 |     8 ||   110
         Searing Ray       |    13 |    23 |    18 ||    54
         Wereblood         |       |     1 |     1 ||     2
         Vhi's Electric Ch |       |       |     6 ||     6
 Invoke: Potion Petition   |       |     1 |       ||     1
    Use: Scroll            |     1 |     5 |     3 ||     9
   Stab: Sleeping          |     3 |     5 |     2 ||    10
 Armour: Robe              |     6 |     5 |    16 ||    27
  Dodge: Dodged            |    15 |    28 |    75 ||   118

Levels and vault maps discovered:
D:1:      kilobyte_arrival_exit_the_forest, layout_rooms, serial_forest,
          infiniplex_forest_clump_diagonal, infiniplex_forest_pool,
          infiniplex_forest_lined_corner, infiniplex_forest_split,
          infiniplex_forest_end_2, infiniplex_forest_clump_curved
D:2:      layout_basic, uniq_crazy_yiuf_cottage, uniq_terence
D:3:      layout_basic, led_sif_book, gammafunk_ghost_cemetery
D:4:      layout_basic, minmay_temple_entry_trees, nicolae_figureground_sparkle
D:5:      layout_layer_cave, lemuel_zombie_altar_kikubaaqudgha,
          nicolae_wu_jian_immortal_techniques, uniq_eustachio
D:6:      layout_loops_ring, mainiacjoe_overflow_24_doors,
          mainiacjoe_overflow_boulevard, cheibrodos_sewer_entry_sluice
D:7:      layout_layer_cave, nicolae_overflow_two_pavilions,
          lightli_bailey_entry_fortress
Temple:   hellmonk_temple_forest_ring

Notes
Turn   | Place    | Note
-------+----------+-------------------------------------------
     0 | D:1      | Eryximachus the Vine Stalker Conjurer began the quest for
                  | the Orb.
     0 | D:1      | Reached XP level 1. HP: 9/9 MP: 4/4
   482 | D:1      | Reached XP level 2. HP: 13/13 MP: 1/6
   529 | D:1      | Learned a level 2 spell: Searing Ray
  1110 | D:1      | Reached skill level 3 in Stealth
  1232 | D:1      | Reached skill level 2 in Dodging
  1452 | D:1      | Reached skill level 3 in Spellcasting
  1452 | D:1      | Reached XP level 3. HP: 17/17 MP: 1/8
  1734 | D:1      | Reached skill level 1 in Fighting
  2268 | D:2      | Noticed Terence
  2439 | D:2      | Gained mutation: Your natural rate of healing is unusually
                  | fast. [Vine Stalker growth]
  2439 | D:2      | Reached XP level 4. HP: 22/22 MP: 3/9
  2568 | D:2      | Learned a level 3 spell: Vhi's Electric Charge
  2599 | D:2      | Found a runed translucent door.
  2600 | D:2      | Noticed Crazy Yiuf
  2988 | D:2      | You fall into a shaft and drop 2 floors!
  3027 | D:5      | Entered Level 5 of the Dungeon
  3039 | D:5      | Noticed Eustachio
  3055 | D:5      | Reached skill level 1 in Translocations
  3055 | D:5      | Reached skill level 1 in Air Magic
  3480 | D:4      | Found a staircase to the Ecumenical Temple.
  3493 | Temple   | Entered the Ecumenical Temple
  3522 | Temple   | Became a worshipper of Gozag Ym Sagoz the Greedy
  3730 | D:3      | Reached XP level 5. HP: 25/25 MP: 5/10
  4552 | D:3      | Found a runed translucent gate.
  4552 | D:3      | Found a runed translucent gate.
  4552 | D:3      | Found a runed translucent gate.
  4553 | D:3      | Noticed lynx4198's ghost (amateur MiFi)
  4554 | D:3      | Noticed SirLogeyBear's ghost (amateur HOBe)
  4554 | D:3      | Noticed auo's ghost (amateur MiFi)
  4554 | D:3      | Noticed middlethird's ghost (weakling VSTm)
  4554 | D:3      | Noticed auo's ghost (weakling DjFE)
  4580 | D:3      | Found a shimmering blue altar of Sif Muna.
  4599 | D:3      | Reached skill level 2 in Translocations
  4658 | D:3      | Reached skill level 2 in Air Magic
  4774 | D:3      | Reached XP level 6. HP: 30/30 MP: 6/12
  4858 | D:3      | Learned a level 2 spell: Wereblood
  4917 | D:3      | Noticed a steam dragon
  5353 | D:4      | Reached skill level 4 in Stealth
  5746 | D:4      | Reached skill level 1 in Transmutations
  6003 | D:5      | HP: 3/30 [gnoll/+0 whip (5)]
  6053 | D:5      | Reached skill level 3 in Translocations
  6053 | D:5      | Reached XP level 7. HP: 33/33 MP: 7/13
  6156 | D:5      | Reached skill level 3 in Air Magic
  6365 | D:5      | Reached skill level 2 in Transmutations
  6749 | D:5      | Found an ornate altar of the Wu Jian Council.
  7253 | D:5      | Found an ancient bone altar of Kikubaaqudgha.
  7408 | D:6      | Found a sacrificial altar of Ru.
  7417 | D:6      | Reached skill level 4 in Spellcasting
  7426 | D:6      | Reached skill level 5 in Conjurations
  7426 | D:6      | Reached skill level 4 in Translocations
  7426 | D:6      | Reached skill level 4 in Air Magic
  7486 | D:6      | Gained mutation: You have razor-sharp teeth. [Vine Stalker
                  | growth]
  7486 | D:6      | Reached XP level 8. HP: 37/37 MP: 11/15
  7528 | D:6      | Found a glowing drain.
  7558 | Sewer    | Entered a sewer
  7788 | Sewer    | Found a white marble altar of Elyvilon.
  7847 | D:6      | Reached skill level 5 in Translocations
  7847 | D:6      | Reached skill level 5 in Air Magic
  7869 | D:6      | Learned a level 6 spell: Plasma Beam
  8031 | D:6      | Reached skill level 1 in Fire Magic
  8499 | D:6      | Found a blossoming altar of Fedhas.
  8592 | D:6      | Reached skill level 2 in Fire Magic
  9146 | D:6      | HP: 2/39 [poisoned by a water moccasin]
  9147 | D:6      | Succumbed to a water moccasin's poison

Vanquished Creatures
  2 orc warriors (D:6)
  An ice beast (D:5)
  An ogre (D:5)
  3 centaurs (D:6)
  A kobold brigand (Sewer)
  A bullfrog (D:6)
  An orc priest (D:6)
  5 hounds
  2 iguanas
  6 orc wizards
  5 gnolls
  9 adders
  3 river rats (Sewer)
  2 worms
  2 dart slugs
  17 orcs
  7 bats
  3 bat zombies (D:5)
  9 endoplasms
  5 giant cockroaches
  7 hobgoblins
  7 jackals
  3 quokkas
  7 ball pythons
  5 frilled lizards
  10 goblins
  10 kobolds
  4 rats
  A rat zombie (D:5)
139 creatures vanquished.

Table legend: (Time is in decaauts)
 A = Elapsed time spent in this place.
 B = Non-inter-level travel time spent in this place.
 C = Inter-level travel time spent in this place.
 D = Time resting spent in this place.
 E = Time spent auto-exploring this place.
 F = Levels seen in this place.
 G = Mean time per level.
                   A        B        C        D        E       F      G
               +--------+--------+--------+--------+--------+-----+--------+
         Total |   9188 |   8943 |    245 |   3076 |   3772 |   9 | 1020.9 |
       Dungeon |   8853 |   8625 |    228 |   3014 |   3581 |   7 | 1264.7 |
        Temple |     40 |     23 |     17 |      0 |     18 |   1 |   40.0 |
         Sewer |    294 |    294 |      0 |     62 |    172 |   1 |  294.0 |
               +--------+--------+--------+--------+--------+-----+--------+

Top non-repeatable levels by time:
     D:1: 1933 daAuts
     D:5: 1691 daAuts
     D:3: 1483 daAuts
     D:6: 1433 daAuts
     D:4: 1204 daAuts
     D:2: 1069 daAuts
   Sewer: 294 daAuts
  Temple: 40 daAuts
     D:7: 37 daAuts

Table legend:
 A = Non-vault XP
 B = Vault XP
 C = Vault XP percentage of total XP
 D = Non-vault monster count
 E = Vault monster count
 F = Vault count percentage of total count
                 A         B        C        D         E       F
            +---------+---------+-------+---------+---------+-------
      Total |    1770 |     235 |  11.7 |     120 |      19 |  13.7
            +---------+---------+-------+---------+---------+-------
        D:1 |      56 |       0 |   0.0 |      24 |       0 |   0.0
        D:2 |      47 |       0 |   0.0 |      21 |       0 |   0.0
        D:3 |     111 |      68 |  38.0 |      22 |       2 |   8.3
        D:4 |     160 |       0 |   0.0 |      21 |       0 |   0.0
        D:5 |     460 |       7 |   1.5 |      14 |       4 |  22.2
        D:6 |     927 |       8 |   0.9 |      15 |       3 |  16.7
        D:7 |       9 |       0 |   0.0 |       3 |       0 |   0.0
      Sewer |       0 |     152 | 100.0 |       0 |      10 | 100.0
            +---------+---------+-------+---------+---------+-------
